 Dungeon Crawl Stone Soup version 0.21.1-1-g345015fe64 (webtiles) character file.

13822 Henning the Fighter (level 12, -1/96 HPs)
             Began as a Gnoll Abyssal Knight on June 15, 2018.
             Was a Priest of Lugonu.
             Slain by a merfolk
             ... wielding a +0 trident
              (4 damage)
             ... on level 3 of the Lair of Beasts on June 16, 2018.
             The game lasted 01:23:12 (20280 turns).

Henning the Fighter (Gnoll Abyssal Knight)         Turns: 20280, Time: 01:23:12

Health: -1/96      AC: 20    Str: 26    XL:     12   Next: 10%
Magic:  31/31      EV:  9    Int: 18    God:    Lugonu [***...]
Gold:   852        SH: 11    Dex: 15    Spells: 23/24 levels left

rFire    + + +     SeeInvis .   a - +1 falchion
rCold    + + .     Gourm    +   M - +0 shield
rNeg     . . .     Faith    .   V - +1 plate armour {rPois}
rPois    +         Spirit   .   n - +1 helmet
rElec    +         Reflect  .   v - +0 cloak
rCorr    +         Harm     .   o - +0 pair of gloves
MR       .....                  e - +0 pair of boots
Stlth    ..........             t - amulet of the gourmand
HPRegen  0.00/turn              s - +4 ring of strength
MPRegen  0.22/turn              A - ring "Tiprischa" {rF+ rC+ MP+9 Str+4}

@: resistant, mesmerised, studying Hexes, heavily drained
A: distributed training, fangs 2, clever 1, fire resistance 1, inhibited
regeneration, MP-powered wands, sturdy frame 1, strong nose
a: Depart the Abyss, Bend Space, Banish, Renounce Religion


You were on level 3 of the Lair of Beasts.
You worshipped Lugonu.
Lugonu was most pleased with you.
You were not hungry.

You visited 3 branches of the dungeon, and saw 14 of its levels.
You visited the Abyss 1 time.

You collected 852 gold pieces.

Inventory:

Hand Weapons
 a - a +1 falchion (weapon)
 y - a +1 dire flail of protection
Missiles
 I - 6 poisoned tomahawks (quivered)
Armour
 e - a +0 pair of boots (worn)
 n - a +1 helmet (worn)
 o - a +0 pair of gloves (worn)
 u - +0 fire dragon scales
 v - a +0 cloak (worn)
 M - a +0 shield (worn)
 V - a +1 plate armour of poison resistance (worn)
Jewellery
 s - a +4 ring of strength (left hand)
 t - an amulet of the gourmand (around neck)
 A - the ring "Tiprischa" (right hand) {rF+ rC+ MP+9 Str+4}
   (You found it on level 2 of the Lair of Beasts)

   [ring of strength]

   It affects your strength (+4).
   It protects you from fire.
   It protects you from cold.
   It affects your magic capacity (+9).
 B - an uncursed ring of resist corrosion
 D - an uncursed amulet of rage
 F - an uncursed ring of poison resistance
Wands
 l - a wand of flame (25)
 O - a wand of digging (10)
 X - a wand of polymorph (7)
 Z - a wand of random effects (30)
Scrolls
 g - a scroll of random uselessness {unknown}
 i - 3 scrolls of enchant armour {unknown}
 k - a scroll of identify
 q - 2 scrolls of remove curse
 x - a scroll of fog {unknown}
 C - 4 scrolls of enchant weapon {unknown}
 E - 2 scrolls of teleportation
 J - 3 scrolls of blinking {unknown}
 N - a scroll of amnesia {unknown}
 R - a scroll of fear {unknown}
Potions
 d - a potion of curing
 h - a potion of mutation
 j - 2 potions of brilliance
 m - 3 potions of lignification
 p - 3 potions of flight
 w - 5 potions of haste
 G - 2 potions of invisibility
 Q - 2 potions of agility
Books
 f - a book of Conjurations

   Spells                             Type                      Level
   a - Magic Dart                     Conjuration                  1
   b - Searing Ray                    Conjuration                  2
   c - Dazzling Spray                 Conjuration/Hexes            3
   d - Fulminant Prism                Conjuration/Hexes            4
   e - Force Lance                    Conjuration/Translocation    4
   f - Iskenderun's Mystic Blast      Conjuration                  4
 r - a manual of Hexes
 z - a Young Poisoner's Handbook

   Spells                             Type                      Level
   a - Sting                          Conjuration/Poison           1
   b - Poisonous Vapours              Poison/Air                   2
   c - Mephitic Cloud                 Conjuration/Poison/Air       3
   d - Olgreb's Toxic Radiance        Poison                       4
   e - Venom Bolt                     Conjuration/Poison           5
 H - a book of Necromancy

   Spells                             Type                      Level
   a - Pain                           Necromancy                   1
   b - Animate Skeleton               Necromancy                   1
   c - Vampiric Draining              Necromancy                   3
   d - Regeneration                   Charms/Necromancy            3
   e - Animate Dead                   Necromancy                   4
   f - Borgnjor's Vile Clutch         Necromancy/Earth             5
 L - a book of Frost

   Spells                             Type                      Level
   a - Freeze                         Ice                          1
   b - Throw Frost                    Conjuration/Ice              2
   c - Ozocubu's Armour               Charms/Ice                   3
   d - Throw Icicle                   Conjuration/Ice              4
   e - Summon Ice Beast               Ice/Summoning                4
 S - a book of Air

   Spells                             Type                      Level
   a - Shock                          Conjuration/Air              1
   b - Swiftness                      Charms/Air                   2
   c - Static Discharge               Conjuration/Air              3
   d - Airstrike                      Air                          4
   e - Lightning Bolt                 Conjuration/Air              5
Miscellaneous
 P - a sack of spiders
 W - a lamp of fire
Comestibles
 c - 17 rations


   Skills:
 + Level 9.5(8.0) Fighting
 + Level 6.8(5.4) Short Blades
 + Level 8.3(6.9) Long Blades
 + Level 6.8(5.4) Axes
 + Level 6.8(5.4) Maces & Flails
 + Level 6.8(5.4) Polearms
 + Level 6.8(5.4) Staves
 + Level 6.8(5.4) Slings
 + Level 6.8(5.4) Bows
 + Level 6.8(5.4) Crossbows
 + Level 6.8(5.4) Throwing
 + Level 8.3(6.9) Armour
 + Level 7.3(5.9) Dodging
 + Level 6.8(5.4) Stealth
 + Level 6.8(5.4) Shields
 + Level 6.8(5.4) Unarmed Combat
 + Level 6.8(5.4) Spellcasting
 + Level 5.6(4.3) Conjurations
 + Level 5.7(4.4) Hexes
 + Level 5.6(4.3) Charms
 + Level 5.6(4.3) Summonings
 + Level 5.6(4.3) Necromancy
 + Level 5.6(4.3) Translocations
 + Level 5.6(4.3) Transmutations
 + Level 5.6(4.3) Fire Magic
 + Level 5.6(4.3) Ice Magic
 + Level 5.6(4.3) Air Magic
 + Level 5.6(4.3) Earth Magic
 + Level 5.6(4.3) Poison Magic
 + Level 8.9(7.4) Invocations
 + Level 6.8(5.4) Evocations


You had 23 spell levels left.
You knew the following spells:

 Your Spells              Type           Power        Failure   Level  Hunger
a - Magic Dart            Conj           ###.         45%         1    None


Dungeon Overview and Level Annotations

Branches:
Dungeon (10/15)            Temple (1/1) D:4            Lair (3/6) D:8
 Shoals (0/4) Lair:3
  Snake: Lair:2-4    Spider: Lair:2-4       Orc: D:9-12

Altars:
Ashenzari
Cheibriados
Dithmenos
Elyvilon
Fedhas
Gozag
Hepliaklqana
Kikubaaqudgha
Makhleb
Nemelex Xobeh
Okawaru
Qazlal
Ru
Trog
Uskayaw
Vehumet
Wu Jian
Xom
Yredelemnul
Zin
The Shining One

Shops:
D:8 %

Annotations:
D:10 Teps's ghost, journeyman MiFi; Urug
Lair:2 exclusion: oklob plant


Innate Abilities, Weirdness & Mutations

Your experience applies equally to all skills.
You have extremely sharp teeth.
Your uncanny sense of smell can sniff out nearby items.
Your mind is acute. (Int +2)
Your flesh is heat resistant. (rF+)
You do not regenerate when monsters are visible.
You expend magic power (3 MP) to strengthen your wands.
Your movements are slightly less encumbered by armour. (ER -2)


Message History

The merfolk siren chants its luring song. x3
You block the merfolk's attack.
You barely miss the merfolk. You bite the merfolk, but do no damage.
The merfolk is moderately wounded.
The merfolk siren chants its luring song. x2
You slash the merfolk! You bite the merfolk.
The merfolk is heavily wounded.
The merfolk hits you with a trident.
* * * LOW HITPOINT WARNING * * *
The merfolk siren chants its luring song. x2
You slash the merfolk!
The merfolk is heavily wounded.
The merfolk siren chants its luring song.
You block the merfolk's attack.
The merfolk siren chants its luring song. x2
You hit the merfolk.
The merfolk is severely wounded.
The merfolk siren hits you but does no damage.
You block the merfolk siren's attack. The merfolk hits you with a trident.
You die...

##..##.### #.##≈..#
#.#########.#.≈.##
##....#..##..#≈..#
#..............### #
#.........m....#.#+#..
##.........†..............
#.......m............ ...
#......mm............ ..
#.......@......P###.. #.
#...............# #.
#...P#P#..###..## ##
#...######## ...# #. #...
...# ## #P. ....# #. ##..#
## .... #. ##


You could see a merfolk and 3 merfolk sirens.

Vanquished Creatures
  2 hydras
  The ghost of Henning the Skirmisher, a novice GnAK of Lugonu (D:4)
  4 spiny frogs
  3 centaur skeletons (D:7)
  2 rime drakes
  3 komodo dragons
  A hornet (D:7)
  Prince Ribbit (D:5)
  Grinder (D:3)
  3 blink frogs
  A meliai zombie (D:7)
  4 hippogriffs
  The ghost of Gedi the Skirmisher, an amateur MiAK of Lugonu (D:3)
  Edmund (D:5)
  Duvessa (D:7)
  3 water moccasins
  7 porcupines
  An eye of draining (D:8)
  An orc warrior (D:6)
  4 sky beasts
  An ogre (D:7)
  A phantom (D:4)
  3 wolves (Lair:2)
  3 centaurs
  3 crocodiles
  4 big kobolds
  19 bullfrogs
  A wyvern zombie (D:6)
  2 wyvern skeletons
  A scorpion (D:8)
  A water moccasin skeleton (D:6)
  Dowan (D:7)
  5 wights (D:9)
  An electric eel (Lair:2)
  4 howler monkeys
  4 centaur zombies
  6 crimson imps
  A bullfrog zombie (D:6)
  A jelly (D:6)
  3 orc wizards
  2 bullfrog skeletons (D:6)
  3 orc priests
  Crazy Yiuf (D:3)
  A hound (D:5)
  2 iguanas
  Jessica (D:2)
  5 worker ants
  2 killer bee zombies
  2 hound zombies (D:6)
  A hound skeleton (D:10)
  A howler monkey zombie (D:6)
  A worker ant zombie (D:8)
  A gnoll (D:5)
  10 adders
  5 shadow imps
  2 oozes
  2 adder zombies
  2 adder skeletons
  7 worms
  2 dart slugs
  4 leopard geckos
  22 orcs
  A ball python (D:1)
  8 bats
  5 giant cockroaches
  6 goblins
  5 hobgoblins
  10 jackals
  28 kobolds
  5 quokkas
  6 frilled lizards
  A jackal zombie (D:8)
  2 leopard gecko skeletons (D:6)
  2 leopard gecko zombies
  3 quokka skeletons
  8 rats
  A fungus (Lair:2)
280 creatures vanquished.

Vanquished Creatures (others)
  2 fungi
  2 plants (Lair:3)
4 creatures vanquished.

Grand Total: 284 creatures vanquished

Notes
Turn   | Place    | Note
-------+----------+-------------------------------------------
     0 | Abyss:1  | Henning the Gnoll Abyssal Knight began the quest for the Orb.
     0 | Abyss:1  | Reached XP level 1. HP: 23/23 MP: 3/3
     2 | Abyss:1  | Found a corrupted altar of Lugonu.
    27 | D:1      | Escaped the Abyss
   279 | D:1      | Reached XP level 2. HP: 27/29 MP: 5/5
   575 | D:1      | Reached XP level 3. HP: 32/35 MP: 6/6
   693 | D:1      | Reached ** piety under Lugonu
  1049 | D:2      | Noticed Jessica
  1056 | D:2      | Killed Jessica
  1056 | D:2      | Reached skill level 1 in Short Blades
  1056 | D:2      | Reached skill level 1 in Axes
  1056 | D:2      | Reached skill level 1 in Maces & Flails
  1056 | D:2      | Reached skill level 1 in Polearms
  1056 | D:2      | Reached skill level 1 in Staves
  1056 | D:2      | Reached skill level 1 in Slings
  1056 | D:2      | Reached skill level 1 in Bows
  1056 | D:2      | Reached skill level 1 in Crossbows
  1056 | D:2      | Reached skill level 1 in Throwing
  1056 | D:2      | Reached skill level 1 in Stealth
  1056 | D:2      | Reached skill level 1 in Shields
  1056 | D:2      | Reached skill level 1 in Unarmed Combat
  1056 | D:2      | Reached skill level 1 in Spellcasting
  1056 | D:2      | Reached skill level 1 in Evocations
  1056 | D:2      | Reached XP level 4. HP: 37/41 MP: 7/7
  1474 | D:2      | Reached skill level 1 in Conjurations
  1474 | D:2      | Reached skill level 1 in Hexes
  1474 | D:2      | Reached skill level 1 in Charms
  1474 | D:2      | Reached skill level 1 in Summonings
  1474 | D:2      | Reached skill level 1 in Necromancy
  1474 | D:2      | Reached skill level 1 in Translocations
  1474 | D:2      | Reached skill level 1 in Transmutations
  1474 | D:2      | Reached skill level 1 in Fire Magic
  1474 | D:2      | Reached skill level 1 in Ice Magic
  1474 | D:2      | Reached skill level 1 in Air Magic
  1474 | D:2      | Reached skill level 1 in Earth Magic
  1474 | D:2      | Reached skill level 1 in Poison Magic
  1678 | D:3      | Reached XP level 5. HP: 24/47 MP: 8/8
  1848 | D:3      | Noticed Grinder
  1854 | D:3      | Paralysed by Grinder for 2 turns
  1868 | D:3      | Paralysed by Grinder for 7 turns
  1883 | D:3      | HP: 2/47 [Grinder (5)]
  2418 | D:4      | Found a staircase to the Ecumenical Temple.
  2433 | Temple   | Entered the Ecumenical Temple
  2613 | D:4      | Noticed a phantom
  2633 | D:4      | Killed a phantom
  2633 | D:4      | Reached *** piety under Lugonu
  2633 | D:4      | Reached skill level 5 in Invocations
  2633 | D:4      | Reached XP level 6. HP: 51/53 MP: 9/9
  3010 | D:4      | Noticed Henning's ghost (novice GnAK)
  3027 | D:4      | Reached skill level 5 in Long Blades
  3027 | D:4      | Reached skill level 5 in Armour
  3059 | D:4      | Killed Henning's ghost
  3059 | D:4      | Reached skill level 7 in Fighting
  3059 | D:4      | Reached XP level 7. HP: 43/60 MP: 9/11
  3366 | D:5      | Entered Level 5 of the Dungeon
  3374 | D:5      | Noticed Prince Ribbit
  3617 | D:5      | Killed Prince Ribbit
  3617 | D:5      | Reached XP level 8. HP: 37/67 MP: 12/12
  3649 | D:5      | Noticed Edmund
  3993 | D:5      | Found a hazy altar of Hepliaklqana.
  4257 | D:5      | Found a bloodstained altar of Trog.
  4258 | D:5      | Found an iron altar of Okawaru.
  5894 | D:5      | Killed Edmund
  6050 | D:6      | Reached XP level 9. HP: 61/72 MP: 14/14
  6235 | D:6      | Reached **** piety under Lugonu
  6901 | D:7      | Noticed Dowan
  6925 | D:7      | Killed Dowan
  6935 | D:7      | Noticed Duvessa
  7008 | D:7      | Killed Duvessa
  7023 | D:7      | Reached skill level 5 in Dodging
  7035 | D:7      | Reached skill level 8 in Fighting
  7216 | D:7      | Reached XP level 10. HP: 80/80 MP: 15/17
  8120 | D:8      | Reached skill level 5 in Short Blades
  8120 | D:8      | Reached skill level 5 in Axes
  8120 | D:8      | Reached skill level 5 in Maces & Flails
  8120 | D:8      | Reached skill level 5 in Polearms
  8120 | D:8      | Reached skill level 5 in Staves
  8120 | D:8      | Reached skill level 5 in Slings
  8120 | D:8      | Reached skill level 5 in Bows
  8120 | D:8      | Reached skill level 5 in Crossbows
  8120 | D:8      | Reached skill level 5 in Throwing
  8120 | D:8      | Reached skill level 5 in Stealth
  8120 | D:8      | Reached skill level 5 in Shields
  8120 | D:8      | Reached skill level 5 in Unarmed Combat
  8120 | D:8      | Reached skill level 5 in Spellcasting
  8120 | D:8      | Reached skill level 5 in Evocations
  8147 | D:8      | Found Meidd's Food Boutique.
  8598 | D:8      | Gained mutation: You are clumsy. (Dex -2) [potion of mutation]
  8598 | D:8      | Gained mutation: You expend magic power (3 MP) to strengthen your wands. [potion of mutation]
  8598 | D:8      | Gained mutation: You have sharp toenails. [potion of mutation]
  8599 | D:8      | Lost mutation: You expend magic power (3 MP) to strengthen your wands. [potion of mutation]
  8599 | D:8      | Lost mutation: You are clumsy. (Dex -2) [potion of mutation]
  8599 | D:8      | Gained mutation: You do not regenerate when monsters are visible. [potion of mutation]
  8599 | D:8      | Gained mutation: You have extremely sharp teeth. [potion of mutation]
  8599 | D:8      | Gained mutation: You are resistant to electric shocks. (rElec) [potion of mutation]
  8605 | D:8      | Lost mutation: You have sharp toenails. [potion of mutation]
  8605 | D:8      | Lost mutation: You are resistant to electric shocks. (rElec) [potion of mutation]
  8605 | D:8      | Gained mutation: You are clumsy. (Dex -2) [potion of mutation]
  8605 | D:8      | Gained mutation: Your movements are slightly less encumbered by armour. (ER -2) [potion of mutation]
  8605 | D:8      | Gained mutation: You have sharp toenails. [potion of mutation]
  8606 | D:8      | Lost mutation: You are clumsy. (Dex -2) [potion of mutation]
  8606 | D:8      | Lost mutation: You have sharp toenails. [potion of mutation]
  8606 | D:8      | Gained mutation: Your flesh is heat resistant. (rF+) [potion of mutation]
  8606 | D:8      | Gained mutation: You expend magic power (3 MP) to strengthen your wands. [potion of mutation]
  8606 | D:8      | Gained mutation: Your mind is acute. (Int +2) [potion of mutation]
  8638 | D:8      | Found a staircase to the Lair.
  9270 | D:7      | Paralysed by a hornet for 2 turns
  9905 | D:7      | Learned a level 1 spell: Magic Dart
 10453 | D:3      | Noticed Gedi's ghost (amateur MiAK)
 10496 | D:3      | Killed Gedi's ghost
 10779 | D:3      | Found an ornate altar of the Wu Jian Council.
 10783 | D:3      | Found a shimmering altar of Xom.
 10788 | D:3      | Found a hide-covered altar of Uskayaw.
 10857 | D:3      | Killed Grinder
 10918 | D:3      | Found a runed door.
 10922 | D:3      | Noticed Crazy Yiuf
 10966 | D:3      | Killed Crazy Yiuf
 11273 | D:9      | Reached XP level 11. HP: 83/87 MP: 19/19
 12022 | D:9      | Reached ***** piety under Lugonu
 12807 | D:10     | Entered Level 10 of the Dungeon
 12854 | D:10     | Noticed Teps's ghost (journeyman MiFi)
 13248 | D:10     | Noticed Urug
 13581 | Lair:1   | Entered Level 1 of the Lair of Beasts
 13994 | D:8      | HP: 3/87 [spiny frog (15)]
 13997 | D:8      | Reached skill level 9 in Fighting
 14357 | Lair:1   | Noticed a four-headed hydra
 14387 | D:8      | Killed a five-headed hydra
 14387 | D:8      | Reached skill level 5 in Conjurations
 14387 | D:8      | Reached skill level 5 in Hexes
 14387 | D:8      | Reached skill level 5 in Charms
 14387 | D:8      | Reached skill level 5 in Summonings
 14387 | D:8      | Reached skill level 5 in Necromancy
 14387 | D:8      | Reached skill level 5 in Translocations
 14387 | D:8      | Reached skill level 5 in Transmutations
 14387 | D:8      | Reached skill level 5 in Fire Magic
 14387 | D:8      | Reached skill level 5 in Ice Magic
 14387 | D:8      | Reached skill level 5 in Air Magic
 14387 | D:8      | Reached skill level 5 in Earth Magic
 14387 | D:8      | Reached skill level 5 in Poison Magic
 18086 | Lair:2   | Noticed a fire dragon
 18504 | Lair:2   | Noticed an eight-headed hydra
 18504 | Lair:2   | a fire dragon changed into an eight-headed hydra
 18512 | Lair:2   | Killed a nine-headed hydra
 18512 | Lair:2   | Reached XP level 12. HP: 20/96 MP: 18/22
 20025 | Lair:2   | Got a warped bronze ring
 20027 | Lair:2   | Identified the ring "Tiprischa" {rF+ rC+ MP+9 Str+4} (You found it on level 2 of the Lair of Beasts)
 20229 | Lair:3   | Found a staircase to the Shoals.
 20278 | Lair:3   | HP: 3/96 [merfolk/trident (1)]
 20280 | Lair:3   | Slain by a merfolk

Skill      XL: |  1  2  3  4  5  6  7  8  9 10 11 |
---------------+----------------------------------+-----
Short Blades   | 1 2 3 4 5 6 |  6.8
Axes           | 1 2 3 4 5 6 |  6.8
Maces & Flails | 1 2 3 4 5 6 |  6.8
Polearms       | 1 2 3 4 5 6 |  6.8
Staves         | 1 2 3 4 5 6 |  6.8
Slings         | 1 2 3 4 5 6 |  6.8
Bows           | 1 2 3 4 5 6 |  6.8
Crossbows      | 1 2 3 4 5 6 |  6.8
Throwing       | 1 2 3 4 5 6 |  6.8
Stealth        | 1 2 3 4 5 6 |  6.8
Shields        | 1 2 3 4 5 6 |  6.8
Unarmed Combat | 1 2 3 4 5 6 |  6.8
Spellcasting   | 1 2 3 4 5 6 |  6.8
Evocations     | 1 2 3 4 5 6 |  6.8
Conjurations   | 1 2 3 4 5 |  5.6
Hexes          | 1 2 3 4 5 |  5.7
Charms         | 1 2 3 4 5 |  5.6
Summonings     | 1 2 3 4 5 |  5.6
Necromancy     | 1 2 3 4 5 |  5.6
Translocations | 1 2 3 4 5 |  5.6
Transmutations | 1 2 3 4 5 |  5.6
Fire Magic     | 1 2 3 4 5 |  5.6
Ice Magic      | 1 2 3 4 5 |  5.6
Air Magic      | 1 2 3 4 5 |  5.6
Earth Magic    | 1 2 3 4 5 |  5.6
Poison Magic   | 1 2 3 4 5 |  5.6
Dodging        | 3 4 5 6 7 |  7.3
Invocations    | 5 6 7 8 |  8.9
Long Blades    | 5 6 7 8 |  8.3
Armour         | 5 6 7 8 |  8.3
Fighting       | 7 8 9 |  9.5

Action                   |  1- 3 |  4- 6 |  7- 9 | 10-12 || total
-------------------------+-------+-------+-------+-------++-------
Melee: Falchion          |    77 |   257 |   551 |  1194 ||  2079
       Bite              |    13 |    39 |    91 |   238 ||   381
 Cast: Magic Dart        |       |       |       |    15 ||    15
Invok: Bend Space        |       |     1 |     6 |    65 ||    72
Evoke: Wand              |       |       |    10 |    12 ||    22
  Use: Scroll            |     3 |     2 |     1 |    10 ||    16
       Potion            |       |     2 |       |    12 ||    14
  Eat: Chunk             |     1 |     8 |    23 |    38 ||    70
Armor: Chain mail        |    51 |   141 |   313 |   381 ||   886
       Plate armour      |       |       |       |   283 ||   283
Dodge: Dodged            |    40 |    82 |   147 |   416 ||   685
Block: Buckler           |       |    28 |    89 |       ||   117
       Shield            |       |       |    50 |   664 ||   714
       Rpst.: Falchion   |    12 |    30 |    51 |   124 ||   217
